 Dungeon Crawl Stone Soup version 0.24-a0-59-gc4a3eeb (webtiles) character file.

Game seed: 4834141671877352630

180 Ishingly the Covered (level 5, -16/47 HPs)
             Began as a Minotaur Fighter on Feb 4, 2019.
             Demolished by an orc
             ... wielding a +2 dagger of electrocution
              (20 damage)
             ... on level 4 of the Dungeon.
             The game lasted 00:05:05 (1781 turns).

Ishingly the Covered (Minotaur Fighter)             Turns: 1781, Time: 00:05:06

Health: -16/47     AC:  7    Str: 22    XL:     5   Next: 33%
Magic:  4/4        EV:  8    Int:  5    God:
Gold:   182        SH:  9    Dex:  9    Spells: 4/4 levels left

rFire    . . .     SeeInvis .   a - +0 long sword
rCold    . . .     Gourm    .   l - +0 shield
rNeg     . . .     Faith    .   b - +0 scale mail
rPois    .         Spirit   .   (helmet restricted)
rElec    .         Reflect  .   (no cloak)
rCorr    .         Harm     .   (no gloves)
MR       .....                  (no boots)
Stlth    ..........             (no amulet)
HPRegen  0.15/turn              (no ring)
MPRegen  0.09/turn              (no ring)

@: no status effects
A: retaliatory headbutt, horns 2
a: no special abilities


You were on level 4 of the Dungeon.
You were not hungry.

You visited 1 branch of the dungeon, and saw 4 of its levels.

You collected 182 gold pieces.

Inventory:

Hand Weapons
 a - a +0 long sword (weapon)
Armour
 b - a +0 scale mail (worn)
 l - a +0 shield (worn)
Scrolls
 c - a scroll of enchant weapon {unknown}
 e - a scroll of teleportation {unknown}
 i - 4 scrolls of identify {unknown}
 m - a scroll of immolation {unknown}
 n - a scroll of amnesia {unknown}
 o - a scroll of random uselessness {unknown}
Potions
 d - a potion of might
 g - 2 potions of brilliance {unknown}
 h - 2 potions of curing {unknown}
 j - a potion of haste {unknown}
 k - 2 potions of magic {unknown}
 p - a potion of agility {unknown}
Comestibles
 f - 3 rations
 q - a chunk of flesh


   Skills:
 + Level 4.8 Fighting
 + Level 3.8 Long Blades
 + Level 4.9 Armour
 + Level 0.7 Dodging
 + Level 4.6 Shields


You had 4 spell levels left.
You didn't know any spells.
Your spell library was empty.

Dungeon Overview and Level Annotations

Branches:
Dungeon (4/15)
 Temple: D:4-7

Altars:
Gozag
Wu Jian


Innate Abilities, Weirdness & Mutations

You reflexively headbutt those who attack you in melee.
You have a pair of horns on your head.


Message History

You kill the orc!
The orc hits you but does no damage.
You hit the orc.
The orc is heavily wounded.
The orc hits you but does no damage.
Your shield and scale mail prevent you from hitting the orc.
The orc is heavily wounded.
The orc hits you with a +2 dagger of electrocution.
You are electrocuted!!
* * * LOW HITPOINT WARNING * * *
You block the orc's attack.
You closely miss the orc.
The orc is heavily wounded.
The orc hits you but does no damage.
You hit the orc.
The orc is heavily wounded.
The orc hits you with a +2 dagger of electrocution.
* * * LOW HITPOINT WARNING * * *
You are electrocuted!!
You die...

# .. # .# # # # # ###.#
#.# # ##. ##...###.# #
....##.....#.#.# #
#...........###.# #
#..%.........# #.#######
#......@.....# ##.......
##....o)<....###.###.###
#..#.....†.###.## #(# #.
##....÷#.#.## #.#
#.....###.## #.###
....##### #.# #.... .#..
#.# ##### . #.. #.# ..
..#


You could see an orc.

Vanquished Creatures
  A centaur skeleton (D:2)
  An orc wizard (D:3)
  An iguana (D:4)
  3 adders
  4 worms
  A dart slug (D:2)
  3 leopard geckos
  6 orcs
  3 bats
  2 giant cockroaches (D:3)
  5 goblins
  7 hobgoblins
  A quokka (D:3)
  3 ball pythons (D:3)
  A frilled lizard (D:3)
  2 kobolds
  7 rats
51 creatures vanquished.

Notes
Turn   | Place    | Note
-------+----------+-------------------------------------------
     0 | D:1      | Ishingly the Minotaur Fighter began the quest for the Orb.
     0 | D:1      | Reached XP level 1. HP: 19/19 MP: 0/0
   104 | D:1      | Reached XP level 2. HP: 26/27 MP: 1/1
   498 | D:2      | Found an ornate altar of the Wu Jian Council.
   603 | D:2      | Reached XP level 3. HP: 28/33 MP: 2/2
   731 | D:2      | Reached XP level 4. HP: 35/41 MP: 3/3
  1226 | D:3      | Found an opulent altar of Gozag.
  1726 | D:4      | Reached XP level 5. HP: 47/47 MP: 4/4
  1781 | D:4      | Demolished by an orc

Vault maps used:
D:1:      dpeg_arrival_long_road, serial_curves, eino_curves_04, eino_curves_04
D:2:      overflow_temple_1_default
D:3:      nicolae_overflow_crystal_walls, minmay_hedge_maze

Skill      XL: |  1  2  3  4 |
---------------+-------------+-----
Fighting       | 4 |  4.8
Shields        | 4 |  4.6
Armour         | 4 |  4.9
Long Blades    | 3 |  3.8
Dodging        | |  0.7

Action                   |  1- 3 |  4- 6 || total
-------------------------+-------+-------++-------
Melee: Long sword        |    65 |   111 ||   176
       Headbutt          |     6 |    19 ||    25
  Eat: Chunk             |       |     3 ||     3
Armor: Scale mail        |    24 |    46 ||    70
Dodge: Dodged            |    20 |    22 ||    42
Block: Shield            |    34 |    52 ||    86
       Rpst.: Long sword |     4 |       ||     4

Table legend:
 A = Non-vault XP
 B = Vault XP
 C = Vault XP percentage of total XP
 D = Non-vault monster count
 E = Vault monster count
 F = Vault count percentage of total count
                 A         B        C        D         E       F
            +---------+---------+-------+---------+---------+-------
      Total |     258 |       0 |   0.0 |      51 |       0 |   0.0
            +---------+---------+-------+---------+---------+-------
        D:1 |      18 |       0 |   0.0 |      10 |       0 |   0.0
        D:2 |      87 |       0 |   0.0 |       9 |       0 |   0.0
        D:3 |      89 |       0 |   0.0 |      26 |       0 |   0.0
        D:4 |      64 |       0 |   0.0 |       6 |       0 |   0.0
            +---------+---------+-------+---------+---------+-------
